 Dungeon Crawl Stone Soup version 0.25.1-2-g60ff931df9 (webtiles) character file.

Game seed: 5876177754344097598

78074 hehateme the Impaler (level 15, -3/143 HPs)
             Began as a Minotaur Berserker on Nov 8, 2020.
             Was an Elder of Trog.
             Slain by a demonic crawler (7 damage)
             ... while paralysed
             ... on level 3 of the Lair of Beasts on Nov 9, 2020.
             The game lasted 01:10:54 (26491 turns).

hehateme the Impaler (Minotaur Berserker)          Turns: 26491, Time: 01:10:54

Health: -3/143     AC: 27    Str: 22    XL:     15   Next: 17%
Magic:  14/14      EV:  2    Int:  4    God:    Trog [****..]
Gold:   677        SH:  0    Dex: 12    Spells: 14/14 levels left

rFire    + . .     SeeInvis .   U - +11 trident of the Evil Eye {distort, +Rage Stlth+}
rCold    + + .     Gourm    .   (no shield)
rNeg     . . .     Faith    .   X - +2 plate armour of the Sea {rF+ rC+ rCorr Str-4}
rPois    .         Spirit   .   (helmet restricted)
rElec    .         Reflect  .   J - +1 cloak {MR+}
rCorr    +         Harm     .   o - +2 pair of gloves
MR       ++...                  I - +0 pair of boots
Stlth    ..........             E - amulet of magic regeneration
HPRegen  0.33/turn              z - ring of protection from cold
MPRegen  0.39/turn              K - ring of resist corrosion

@: paralysed, lethally poisoned (-3 -> -108), berserk cooldown, held, slowed
A: retaliatory headbutt, horns 2
a: Berserk, Trog's Hand, Brothers in Arms, Renounce Religion, Evoke Berserk Rage


You were on level 3 of the Lair of Beasts.
You worshipped Trog.
Trog was greatly pleased with you.
You were very hungry.

You visited 4 branches of the dungeon, and saw 23 of its levels.
You also visited: Sewer and Ice Cave.

You collected 2109 gold pieces.
You spent 1432 gold pieces at shops.

Inventory:

Hand Weapons
 q - a +2 antimagic battleaxe
 S - a +1 antimagic executioner's axe
 U - the +11 trident of the Evil Eye (weapon) {distort, +Rage Stlth+}
   (You took it off a centaur on level 10 of the Dungeon)

   It warps and distorts space around it.
   Unwielding it can cause banishment or high damage.
   It lets you go berserk.
   It makes you more stealthy.
 W - a +3 antimagic spear
Armour
 o - a +2 pair of gloves (worn)
 I - a +0 pair of boots (worn)
 J - a +1 cloak of magic resistance (worn)
 R - a +2 plate armour of cold resistance
 X - the +2 plate armour of the Sea (worn) {rF+ rC+ rCorr Str-4}
   (You bought it in a shop on level 2 of the Orcish Mines)

   It affects your strength (-4).
   It protects you from fire.
   It protects you from cold.
   It provides partial protection from all sources of acid and corrosion.
Jewellery
 y - an uncursed ring of protection from cold
 z - a ring of protection from cold (left hand)
 E - an amulet of magic regeneration (around neck)
 K - a ring of resist corrosion (right hand)
 L - an uncursed ring of positive energy
 Z - an uncursed amulet of faith
Wands
 d - a wand of enslavement (9)
 m - a wand of digging (19)
 B - a wand of flame (96)
 F - a wand of paralysis (43)
 H - a wand of iceblast (23)
 P - a wand of polymorph (18)
 T - a wand of acid (11)
 V - a wand of random effects (11)
Scrolls
 b - a scroll of enchant armour {unknown}
 e - 11 scrolls of remove curse
 g - 9 scrolls of teleportation
 j - 7 scrolls of magic mapping
 l - a scroll of blinking
 p - 3 scrolls of immolation
 s - 4 scrolls of fog
 u - 3 scrolls of fear
 D - 5 scrolls of enchant weapon
 G - a scroll of summoning
 O - 3 scrolls of identify
 Q - a scroll of noise {unknown}
 Y - a scroll of torment
Potions
 a - 2 potions of cancellation
 f - 2 potions of berserk rage
 i - 5 potions of curing
 k - 2 potions of resistance
 n - 4 potions of magic
 r - 6 potions of heal wounds
 t - 3 potions of might
 v - 2 potions of brilliance
 w - 8 potions of haste
 x - a potion of mutation
 A - 3 potions of lignification
 C - 7 potions of flight
 M - a potion of invisibility
 N - a potion of stabbing
Comestibles
 c - 35 rations


   Skills:
 + Level 15.7 Fighting
 + Level 14.1(17.2) Axes
 + Level 16.6(18.4) Polearms
 + Level 15.8 Armour
 + Level 3.9 Dodging
 + Level 3.0 Stealth


You had 14 spell levels left.
You didn't know any spells.
Your spell library was empty.

Dungeon Overview and Level Annotations

Branches:
Dungeon (14/15)            Temple (0/1) D:7            Lair (6/6) D:11
  Swamp (0/4) Lair:3       Spider (1/4) Lair:3        Slime (0/5) Lair:5
    Orc (2/2) D:12            Elf (0/3) Orc:2        Vaults (0/5) D:14
  Sewer (visited)           IceCv (visited)

Altars:
Ashenzari
Cheibriados
Elyvilon
Kikubaaqudgha
Sif Muna
Wu Jian
Xom
Beogh

Shops:
D:5 ?}   D:7 [   Orc:2 %[(:

Annotations:
D:5 2 runed translucent doors, exclusion: orc wizard, roke1's ghost, novice TeAE
Lair:3 exclusion: 2 oklob plants
Lair:5 3 runed translucent doors, Plog's ghost, journeyman GnFi
Abyss:1 Erolcha; Frances


Innate Abilities, Weirdness & Mutations

You reflexively headbutt those who attack you in melee.
You have a pair of horns on your head.


Message History

The jumping spider pounces on you but does no damage.
The jumping spider closely misses you. The redback bites you.
* * * LOW HITPOINT WARNING * * *
You climb upwards.
Welcome back to the Lair of Beasts!
Level annotation: exclusion: 2 oklob plants You are no longer berserk.
You pass out from exhaustion.
You feel yourself slow down.
* * * LOW HITPOINT WARNING * * *
You feel extremely sick.
* * * LOW HITPOINT WARNING * * *
You feel extremely sick.
The tarantella bites you but does no damage.
The jumping spider pounces on you!
* * * LOW HITPOINT WARNING * * *
You are caught in a web!
The jumping spider bites you but does no damage.
The demonic crawler hits you but does no damage. x2
The demonic crawler hits you!
You die...

#.#...........#♣♣♣♣♣♣#........##
.#.....>..#.P#.#♣#♣..........##
#.........#.###..♣...........##
...##...................#.....#
####..........#...#...#......##
.# #........###..###..##....## ##
##.......##...#.##.##.)...### .##
#........##ss......#.....#.##
..###...........@.............#.#
..##...........ss..#...........##
...[.........#...#.##.........##
.............##..####.........##
.............##............##..##
.#.#....#.......[.........###.#.#
######.#.(.#......#....#.####....
# #..#..#.....###.###### #..... #
#............#### ##.....


You could see a demonic crawler, a jumping spider, a tarantella and a redback.

Vanquished Creatures
  Gastronok (Lair:3)
  An orc warlord (Orc:1)
  A stone giant (Orc:2)
  An entropy weaver (Lair:4)
  Josephine (D:11)
  A rakshasa (D:10)
  7 hydras
  A catoblepas (Lair:6)
  2 centaur warriors (D:14)
  A queen ant (Lair:4)
  2 death yaks
  2 two-headed ogres
  Urug (D:13)
  Pikel (D:6)
  3 manticores
  4 orc sorcerers (Orc:2)
  A cyclops (D:11)
  An ugly thing (D:10)
  A black mamba (Lair:3)
  2 centaur zombies (D:12)
  2 elephants (Lair:6)
  A gargoyle (D:14)
  8 spiny frogs
  8 komodo dragons
  2 rime drakes (Lair:5)
  2 demonic crawlers
  2 trolls
  2 hornets
  10 polar bears (IceCv)
  6 blink frogs
  2 slime creatures (D:14)
  8 hippogriffs
  6 dream sheep
  2 tarantellas (Spider:1)
  2 redbacks (Spider:1)
  A fire elemental (Lair:5)
  4 wraiths
  A vampire (D:10)
  A tarantella (shapeshifter) (D:14)
  2 wyverns (D:14)
  2 fire bats (Lair:5)
  70 yaks
  A hungry ghost (D:14)
  2 basilisks
  3 vampire mosquitoes (D:11)
  9 wargs
  2 swamp worms (Lair:3)
  A floating eye (Lair:3)
  12 soldier ants (Lair:4)
  6 porcupines
  11 water moccasins
  4 ice beasts
  2 slaves (D:6)
  2 hornet zombies
  25 orc warriors
  2 sky beasts
  A black bear (Lair:3)
  A boggart (D:10)
  3 phantoms
  9 ogres
  24 wolves
  3 centaurs
  4 crocodiles
  4 big kobolds
  9 bullfrogs
  A gnoll sergeant (D:8)
  4 scorpions
  5 killer bees (D:11)
  An electric eel (Lair:2)
  4 wights (D:10)
  3 howler monkeys
  3 crimson imps
  5 hounds
  2 jellies
  15 orc priests
  26 orc wizards
  A bullfrog skeleton (D:4)
  2 centaur skeletons
  3 iguanas
  Natasha (thrice) (D:4)
  4 hell rats
  41 worker ants
  2 hound skeletons
  Robin (D:4)
  12 gnolls
  10 adders
  13 river rats
  4 shadow imps
  3 oozes (D:2)
  2 adder zombies (D:9)
  2 adder skeletons
  2 worms (Lair:3)
  5 dart slugs
  5 leopard geckos
  80 orcs
  5 ball pythons
  7 bats
  9 giant cockroaches
  15 goblins
  13 hobgoblins
  14 jackals
  15 kobolds
  9 quokkas
  12 frilled lizards
  A leopard gecko skeleton (D:8)
  3 quokka skeletons
  34 rats
720 creatures vanquished.

Vanquished Creatures (collateral kills)
  A centaur warrior (D:10)
  Maurice (D:13)
  An ice statue (IceCv)
  A water moccasin (D:7)
  A wolf (IceCv)
  A centaur (D:13)
  A big kobold (D:10)
  A gnoll sergeant (D:7)
  A crimson imp (D:10)
  A centaur zombie (D:5)
  A jelly (D:7)
  2 worker ants
  2 adders (D:7)
  5 gnolls (D:7)
  2 orcs (D:5)
22 creatures vanquished.

Vanquished Creatures (others)
  An ironheart preserver (D:14)
  An entropy weaver (Lair:3)
  2 hydras
  2 death yaks (Lair:6)
  A lindwurm (Lair:6)
  A manticore (D:14)
  A cyclops (Orc:1)
  2 spiny frogs
  A black mamba (Lair:6)
  A torpor snail (Lair:6)
  2 centaur skeletons (D:14)
  A rime drake (IceCv)
  A demonic crawler (Spider:1)
  A komodo dragon (Lair:5)
  A jumping spider (Spider:1)
  4 polar bears (IceCv)
  2 slime creatures (D:14)
  A hippogriff (Lair:6)
  4 dream sheep (Lair:5)
  A wraith (D:11)
  17 yaks
  5 soldier ants (Lair:4)
  A warg (Orc:1)
  A water moccasin (Lair:6)
  6 orc warriors
  3 wolves
  An ogre (Orc:1)
  A killer bee (D:11)
  A howler monkey (D:11)
  A hell rat (Lair:6)
  3 worker ants (Lair:4)
  An orc (Orc:2)
  2 quokkas (D:6)
  8 fungi
  9 plants
91 creatures vanquished.

Grand Total: 833 creatures vanquished

Notes
Turn   | Place    | Note
-------+----------+-------------------------------------------
     0 | D:1      | hehateme the Minotaur Berserker began the quest for the
                  | Orb.
     0 | D:1      | Reached XP level 1. HP: 19/19 MP: 0/0
    45 | D:1      | Reached XP level 2. HP: 16/27 MP: 1/1
   372 | D:1      | Reached ** piety under Trog
   372 | D:1      | Reached XP level 3. HP: 32/33 MP: 2/2
  1025 | D:2      | Reached skill level 5 in Axes
  1025 | D:2      | Reached XP level 4. HP: 41/41 MP: 3/3
  1435 | D:3      | Reached *** piety under Trog
  1435 | D:3      | Reached XP level 5. HP: 47/47 MP: 4/4
  1546 | D:3      | Found a glowing drain.
  1560 | Sewer    | Entered a sewer
  1754 | Sewer    | Reached **** piety under Trog
  2075 | D:3      | Reached skill level 5 in Fighting
  2075 | D:3      | Reached XP level 6. HP: 49/56 MP: 5/5
  2789 | D:4      | Reached XP level 7. HP: 47/61 MP: 6/6
  3034 | D:4      | Noticed Natasha
  3036 | D:4      | Killed Natasha
  3087 | D:4      | Reached skill level 1 in Stealth
  3130 | D:4      | Noticed Natasha
  3138 | D:4      | Noticed Robin
  3143 | D:4      | Killed Natasha
  3145 | D:4      | Reached ***** piety under Trog
  3147 | D:4      | Killed Robin
  3186 | D:4      | Noticed Natasha
  3196 | D:4      | Killed Natasha
  3398 | D:4      | Found a shimmering altar of Xom.
  3399 | D:4      | Found an ancient bone altar of Kikubaaqudgha.
  3400 | D:4      | Found an ornate altar of the Wu Jian Council.
  3656 | D:5      | Entered Level 5 of the Dungeon
  3747 | D:5      | Found a runed translucent door.
  3779 | D:5      | Noticed roke1's ghost (novice TeAE)
  3806 | D:5      | Found Vuorphunk's Gadget Emporium.
  3893 | D:5      | Found Quepsy's Magic Scroll Shop.
  4010 | D:5      | Bought a scroll of summoning for 123 gold pieces
  4029 | D:5      | Reached skill level 5 in Armour
  4034 | D:5      | Reached XP level 8. HP: 69/70 MP: 7/7
  4285 | D:5      | Found a snail-covered altar of Cheibriados.
  4315 | D:5      | Found a shimmering blue altar of Sif Muna.
  4488 | D:5      | Found a runed translucent door.
  4732 | D:6      | Found a shattered altar of Ashenzari.
  4797 | D:6      | Noticed Pikel
  4810 | D:6      | Killed Pikel
  4810 | D:6      | Reached skill level 10 in Axes
  5035 | D:6      | Found a white marble altar of Elyvilon.
  5447 | D:6      | Reached XP level 9. HP: 64/79 MP: 8/8
  5719 | D:7      | Found Acibb's Armour Shop.
  5726 | D:7      | Bought a +1 cloak of magic resistance for 165 gold pieces
  5778 | D:7      | Received a gift from Trog
  6198 | D:7      | Found a staircase to the Ecumenical Temple.
  6563 | D:7      | Got a jewelled leather armour
  6574 | D:7      | Identified the +1 leather armour of Brilliance {rN+ Str-5
                  | Dex+3 Slay+2} (You found it on level 7 of the Dungeon)
  7731 | D:8      | Paralysed by a hornet for 2 turns
  8573 | D:9      | Received a gift from Trog
  8703 | D:9      | Reached XP level 10. HP: 55/90 MP: 3/9
  9242 | D:10     | Entered Level 10 of the Dungeon
  9572 | D:10     | Reached skill level 10 in Armour
  9903 | D:10     | Identified the +11 trident of the Evil Eye {distort, +Rage
                  | Stlth+}
  9904 | D:10     | Noticed a centaur warrior
  9907 | D:10     | Noticed a red ugly thing
  9912 | D:10     | Killed a centaur warrior
 10170 | D:10     | Paralysed by a hornet for 2 turns
 10181 | D:10     | Paralysed by a hornet for 1 turns
 10631 | D:10     | Killed a red ugly thing
 11353 | D:10     | Reached XP level 11. HP: 76/99 MP: 10/10
 11470 | D:10     | Got a pitted ruby amulet
 11496 | D:10     | Noticed a rakshasa
 11516 | D:10     | Killed a rakshasa
 11516 | D:10     | Reached skill level 10 in Fighting
 11516 | D:10     | Reached skill level 2 in Polearms
 11552 | D:10     | You fall into a shaft and drop 3 floors!
 11552 | D:13     | Noticed Maurice
 11573 | D:13     | Killed Maurice
 11609 | D:13     | Noticed Urug
 11613 | D:13     | Killed Urug
 11613 | D:13     | Reached skill level 3 in Polearms
 11722 | D:13     | Noticed Erolcha
 11727 | D:13     | Banished Erolcha
 11727 | D:13     | Reached skill level 4 in Polearms
 11768 | D:13     | Noticed a two-headed ogre
 11791 | D:13     | Killed a two-headed ogre
 11791 | D:13     | Reached skill level 5 in Polearms
 11850 | D:13     | Found a gate leading to a gauntlet.
 11855 | D:13     | Noticed Frances
 11870 | D:13     | Banished Frances
 11870 | D:13     | Reached skill level 6 in Polearms
 12204 | D:12     | Noticed a six-headed hydra
 12215 | D:11     | Killed a six-headed hydra
 12215 | D:11     | Reached skill level 7 in Polearms
 12312 | D:11     | Noticed a six-headed hydra
 12316 | D:11     | Killed a six-headed hydra
 12379 | D:11     | Identified the amulet of Akut {Inacc rF+} (You found it on
                  | level 10 of the Dungeon)
 12443 | D:11     | Noticed Josephine
 12459 | D:11     | Killed Josephine
 12459 | D:11     | Reached skill level 8 in Polearms
 12627 | D:11     | Reached XP level 12. HP: 108/108 MP: 11/11
 12650 | D:11     | Reached skill level 9 in Polearms
 12810 | D:11     | Identified the +4 ring mail of the Arcane {Str+7}
 12832 | D:11     | Found a staircase to the Lair.
 13185 | D:12     | Found a staircase to the Orcish Mines.
 13199 | D:12     | Reached skill level 10 in Polearms
 13766 | D:12     | You fall into a shaft and drop 2 floors!
 13813 | D:14     | Reached skill level 11 in Polearms
 13889 | D:14     | Noticed a three-headed hydra
 13900 | D:14     | Killed a three-headed hydra
 14030 | D:14     | Noticed a two-headed ogre
 14042 | D:14     | Killed a two-headed ogre
 14042 | D:14     | Reached skill level 12 in Polearms
 14386 | D:14     | Noticed a four-headed hydra
 14390 | D:14     | Killed a four-headed hydra
 14513 | D:14     | Noticed a centaur warrior
 14536 | D:14     | Killed a centaur warrior
 14726 | D:14     | Found a gate to the Vaults.
 14726 | D:14     | Noticed an ironheart preserver
 14748 | D:14     | Banished an ironheart preserver
 14749 | D:14     | Reached XP level 13. HP: 113/117 MP: 12/12
 14790 | D:14     | Reached skill level 13 in Polearms
 15152 | Lair:1   | Entered Level 1 of the Lair of Beasts
 16596 | Lair:2   | Reached skill level 14 in Polearms
 17069 | Lair:3   | Paralysed by a floating eye for 2 turns
 17159 | Lair:3   | Received a gift from Trog
 17173 | Lair:3   | Paralysed by a floating eye for 4 turns
 17186 | Lair:3   | Noticed Gastronok
 17203 | Lair:3   | Killed Gastronok
 17223 | Lair:3   | Found a hole to the Spider Nest.
 17640 | Lair:3   | Found a staircase to the Swamp.
 17968 | Lair:4   | Noticed an entropy weaver
 17990 | Lair:3   | Banished an entropy weaver
 18640 | Lair:4   | Reached skill level 15 in Polearms
 18909 | Lair:4   | Noticed an entropy weaver
 18916 | Lair:4   | Killed an entropy weaver
 18916 | Lair:4   | Reached XP level 14. HP: 129/129 MP: 13/13
 19287 | Lair:5   | Received a gift from Trog
 19446 | Lair:5   | Found a staircase to the Slime Pits.
 19462 | Lair:5   | Found a runed translucent gate.
 19462 | Lair:5   | Found a runed translucent gate.
 19462 | Lair:5   | Found a runed translucent gate.
 19467 | Lair:5   | Noticed Plog's ghost (journeyman GnFi)
 20466 | Lair:5   | Found a shimmering altar of Xom.
 20638 | Lair:6   | Entered Level 6 of the Lair of Beasts
 20638 | Lair:6   | Found a frozen archway.
 21052 | IceCv    | Entered an ice cave
 21620 | IceCv    | Noticed a frost giant
 21638 | IceCv    | Banished a frost giant
 22190 | Lair:6   | Reached skill level 15 in Armour
 22942 | Lair:6   | Reached skill level 15 in Fighting
 23171 | Lair:6   | Reached skill level 16 in Polearms
 23765 | Orc:1    | Entered Level 1 of the Orcish Mines
 23951 | Orc:2    | Entered Level 2 of the Orcish Mines
 24035 | Orc:2    | Found a staircase to the Elven Halls.
 24105 | Orc:2    | Found a roughly hewn altar of Beogh.
 24152 | Orc:2    | Found a roughly hewn altar of Beogh.
 24154 | Orc:2    | Found Kicvutry's Book Emporium.
 24162 | Orc:2    | Received a gift from Trog
 24317 | Orc:2    | Found a roughly hewn altar of Beogh.
 24340 | Orc:2    | Found Diruirr's Food Shop.
 24404 | Orc:2    | Found a roughly hewn altar of Beogh.
 24479 | Orc:2    | Found a roughly hewn altar of Beogh.
 24622 | Orc:2    | Found a roughly hewn altar of Beogh.
 24847 | Orc:2    | Noticed an orc warlord
 25060 | Orc:1    | Killed an orc warlord
 25060 | Orc:1    | Reached XP level 15. HP: 126/141 MP: 14/14
 25336 | Orc:2    | Found a roughly hewn altar of Beogh.
 25336 | Orc:2    | Found Assinech's Antique Armour Emporium.
 25340 | Orc:2    | Found Utupe's Antique Weapon Shoppe.
 25357 | Orc:2    | Bought a smoking plate armour for 896 gold pieces
 25367 | Orc:2    | Identified the +2 plate armour of the Sea {rF+ rC+ rCorr
                  | Str-4} (You bought it in a shop on level 2 of the Orcish
                  | Mines)
 25373 | Orc:2    | Bought a polished spear for 248 gold pieces
 26453 | Spider:1 | Entered Level 1 of the Spider Nest
 26491 | Lair:3   | HP: 4/143 [jumping spider (9)]
 26491 | Lair:3   | Slain by a demonic crawler

Illustrated notes

Levels and vault maps discovered:
D:1:      dpeg_arrival_arbitrary_b, layout_rooms
D:2:      layout_basic, first_ration
D:3:      layout_loops_ring, portal_sewer_entry_a
D:4:      layout_basic, minitemple, minmay_misc_feat_roman,
          hangedman_abyss_or_decor_stagger, serial_bayou_pond_e, uniq_natasha,
          uniq_robin
D:5:      layout_cave_pools, led_sif_book, serial_shops, shop, shop,
          ebering_ghost_sewer_f, basic_altar
D:6:      lemuel_ratsnest, layout_rooms, ashenzari_conservatory_becter,
          elyvilon_altar_3, uniq_pikel
D:7:      layout_basic, minmay_temple_entry_metal_lava, serial_shops, shop,
          kennysheep_generic_room_7
D:8:      layout_basic
D:9:      layout_roguey, serial_rivers, chequers_serial_rivers_large_a,
          chequers_serial_rivers_room_a, chequers_serial_rivers_room_b,
          chequers_serial_rivers_small_3, chequers_serial_rivers_room_a
D:10:     minmay_the_grid_triangle_9x9_recursive_2_mashed
          [minmay_the_grid_triangle_9x9_prize_center,
          minmay_the_grid_triangle_9x9_steps,
          minmay_the_grid_triangle_9x9_intruding_spiral,
          minmay_the_grid_triangle_9x9_zippers_horizontal], layout_basic,
          special_room [special_room_orc]
D:11:     layout_irregular_city, lair_entry_dummy, uniq_josephine
D:12:     kennysheep_blocky_hall, layout_basic
D:13:     layout_basic, gauntlet_entry_generic, uniq_frances, uniq_urug,
          uniq_erolcha, uniq_jorgrun, uniq_maurice
D:14:     layout_stronghold, skrybe_vaults_entry_preservation, hangedman_ranch
          [blue_anna_fruit_fields]
Lair:1:   layout_loops_ring, minmay_hedge_maze, serial_bayou_shore_a
Lair:2:   statuecave_lemuel, layout_gridlike
Lair:3:   layout_cave_shapes, minmay_swamp_entry_worms,
          nicolae_spider_entry_non_spiders, st_stairs_8,
          nicolae_lair_grove_arrangements, disabler_island,
          minmay_lair_oklob_chamber, uniq_gastronok
Lair:4:   layout_regular_city, zaba_anthell
Lair:5:   layout_gridlike, slime_dummy, gammafunk_ghost_hydra_chop,
          kb_xom_exploding_sheep
Lair:6:   hangedman_lair_in_review, layout_cave_pods, enter_volcano_1,
          portal_ice_cave_entry_pillars_1, chequers_serial_rivers_room_b
Spider:1: layout_spider_delve
Orc:1:    cheibrodos_orc_guarddog, layout_caves
Orc:2:    grunt_orc_community_town_hall, layout_caves,
          grunt_orc_community_big_house_1, grunt_orc_community_big_house_2,
          grunt_orc_community_house_3, grunt_orc_community_house_2,
          grunt_orc_community_house_1, grunt_orc_community_house_1

Skill      XL: |  1  2  3  4  5  6  7  8  9 10 11 12 13 14 |
---------------+-------------------------------------------+-----
Axes           | 4 5 6 7 9 10 12 13 14 | 14.1
Fighting       | 4 5 6 7 8 9 10 11 13 15 | 15.7
Armour         | 3 4 5 7 9 10 12 13 14 15 | 15.8
Stealth        | 1 2 3 |  3.0
Dodging        | 3 |  3.9
Polearms       | 8 12 15 16 | 16.6

Action                   |  1- 3 |  4- 6 |  7- 9 | 10-12 | 13-15 || total
-------------------------+-------+-------+-------+-------+-------++-------
Melee: Hand axe          |    75 |   231 |   211 |       |       ||   517
       Headbutt          |     8 |    32 |    62 |    74 |   138 ||   314
       Battleaxe         |       |       |   126 |       |       ||   126
       Executioner's axe |       |       |    20 |   108 |       ||   128
       Trident           |       |       |       |   289 |   895 ||  1184
Invok: Berserk           |       |     2 |     6 |    14 |    11 ||    33
       Trog's Hand       |       |     2 |       |     5 |    12 ||    19
       Brothers in Arms  |       |       |     2 |     4 |     3 ||     9
  Use: Scroll            |       |     6 |     5 |     4 |    11 ||    26
       Potion            |       |       |       |     2 |     3 ||     5
 Stab: Distracted        |       |       |       |     1 |       ||     1
  Eat: Chunk             |       |     9 |    15 |    12 |    41 ||    77
       Ration            |       |       |     3 |     7 |     3 ||    13
Armor: Chain mail        |    47 |   126 |    51 |       |       ||   224
       Plate armour      |       |       |   135 |   205 |   370 ||   710
Dodge: Dodged            |    34 |    77 |   127 |   114 |   232 ||   584
